 Dungeon Crawl Stone Soup version 0.30-a0-743-gbfdf073431 (webtiles) character file.

Game seed: 3957797024008817291

190 Leeroy the Slasher (level 5, -2/26 HPs)
             Began as a Vine Stalker Warper on Feb 7, 2023.
             Slain by Pikel
             ... wielding a +1 whip of flaming
              (7 damage)
             ... on level 4 of the Dungeon.
             The game lasted 00:02:13 (2584 turns).

Leeroy the Slasher (Vine Stalker Warper)            Turns: 2584, Time: 00:02:13

Health: -2/26      AC:  3    Str: 14    XL:     5   Next: 69%
Magic:  0/9        EV: 12    Int: 13    God:
Gold:   130        SH:  0    Dex: 15    Spells: 3/8 levels left

rFire   . . .      SeeInvis .    a - +0 falchion
rCold   . . .      Faith    .    (no shield)
rNeg    . . .      Spirit   +    b - +0 leather armour
rPois   .          Reflect  .    (no helmet)
rElec   .          Harm     .    (no cloak)
rCorr   .          Rampage  .    (no gloves)
Will    .....                    (no boots)
Stlth   +                        (no amulet)
HPRegen 1.04/turn                (no ring)
MPRegen 0.11/turn                (no ring)

@: no status effects
A: fangs 2, regeneration 1, magic shield, antimagic bite, no potion heal 2
a: no special abilities


You were on level 4 of the Dungeon.
You visited 1 branch of the dungeon, and saw 4 of its levels.

You collected 130 gold pieces.

Inventory:

Hand Weapons
 a - a +0 falchion (weapon)
 r - a +2 whip of venom
Missiles
 d - 7 boomerangs of dispersal (quivered)
Armour
 b - a +0 leather armour (worn)
Wands
 t - a wand of paralysis (2)
Scrolls
 c - 4 scrolls of blinking
 j - 3 scrolls of identify {unknown}
 l - a scroll of vulnerability {unknown}
 n - a scroll of fear {unknown}
 o - 3 scrolls of teleportation {unknown}
 q - a scroll of noise {unknown}
 s - a scroll of summoning {unknown}
Potions
 e - a potion of berserk rage {unknown}
 f - 4 potions of brilliance {unknown}
 g - 3 potions of curing {unknown}
 h - 2 potions of lignification {unknown}
 i - 2 potions of flight {unknown}
 k - 2 potions of haste {unknown}
 m - a potion of heal wounds {unknown}
 p - a potion of degeneration {unknown}


   Skills:
 - Level 1.7 Fighting
 + Level 5.0 Long Blades
 - Level 0.8 Throwing
 - Level 0.7 Armour
 - Level 2.0 Dodging
 - Level 0.4 Stealth
 - Level 2.1 Spellcasting
 - Level 3.0 Translocations


You had 3 spell levels left.
You knew the following spells:

 Your Spells              Type           Power      Damage    Failure   Level
a - Blink                 Tloc           18%        N/A       14%         2
b - Vhi's Electric Charg  Tloc/Air       10%        N/A       45%         3

Your spell library contained the following spells:

 Spells                   Type           Power      Damage    Failure   Level
 Lesser Beckoning         Tloc           18%        N/A       14%         2
 Teleport Other           Tloc           9%         N/A       28%         3
 Cigotuvi's Dreadful Rot  Necr/Pois/Air  2%         N/A       43%         2
 Ensorcelled Hibernation  Hex/Ice        2%         N/A       43%         2
 Spider Form              Tmut/Pois      1%         N/A       67%         3
 Manifold Assault         Tloc           9%         N/A       67%         4
 Anguish                  Hex/Necr       0%         N/A       97%         4


Dungeon Overview and Level Annotations

Branches:
Dungeon (4/15)
 Temple: D:4-7

Altars:
Dithmenos

Annotations:
D:4 Pikel


Innate Abilities, Weirdness & Mutations

You have extremely sharp teeth.
Your natural rate of healing is unusually fast.
When hurt, damage is shared between your health and your magic reserves.
Your bite disrupts and absorbs the magic of your enemies.
Potions cannot restore your health.


Message History

You hit the lemure. You bite the lemure. You drain its power.
The lemure is heavily wounded.
The lemure misses you.
You hit the lemure. Your bite misses the lemure.
The lemure is heavily wounded.
The lemure hits you. The lemure hits you!
There is an open door here.
You hit the lemure but do no damage. Your bite misses the lemure.
The lemure hits you but does no damage.
You hit the lemure but do no damage. You bite the lemure, but do no damage.
The lemure hits you!
You barely miss the lemure. The lemure closely misses you.
You hit the lemure. Your bite misses the lemure.
The lemure is lightly wounded.
The lemure hits you.
You hit the lemure but do no damage.
The lemure is lightly wounded.
The lemure hits you.
You barely miss the lemure. You bite the lemure, but do no damage.
The lemure is lightly wounded.
The lemure completely misses you.
You hit the lemure but do no damage.
The lemure is lightly wounded.
The lemure hits you but does no damage.
You closely miss the lemure. You bite the lemure, but do no damage.
The lemure is lightly wounded.
The lemure barely misses you.
You barely miss Pikel. You bite Pikel, but do no damage.
Pikel hits you with a +1 whip of flaming!
Pikel burns you.
You hit Pikel but do no damage. You bite Pikel, but do no damage.
Pikel hits you with a +1 whip of flaming.
* * * LOW HITPOINT WARNING * * *
Pikel burns you.
* * * LOW HITPOINT WARNING * * *
You hit Pikel.
Pikel is lightly wounded.
Pikel says, "Hell isn't that bad."
Pikel hits you with a +1 whip of flaming!
You die...

####### ## ... ....... #.##.
#...?. ....... #.##. #.....
......) #.##. #..... .......
#.##) #.)...###Kw..... #.##)
#.../....K55.... #.##)
#..##......5w########+#####.##.
.............5K@............<...
.....#.......5########.########.
#.#...####...# #.########.
#......# #...# #.......##.
#......# #...# #..####....
##......###...##### #.....)....
........'.'........ ....###..##
#......###...##### ##..###..##
##........#...# #..#.[)...


You could see Pikel, 3 lemures and a worm.

Vanquished Creatures
  A scorpion (D:3)
  An orc priest (D:4)
  Jessica (D:3)
  An adder (D:3)
  A worm (D:2)
  3 dart slugs
  6 orcs
  3 endoplasms
  4 giant cockroaches
  5 hobgoblins
  4 jackals (D:1)
  2 kobolds
  4 quokkas
  5 ball pythons
  5 bats
  3 frilled lizards
  5 goblins
  A rat (D:3)
55 creatures vanquished.

Vanquished Creatures (others)
  7 fungi (D:3)
7 creatures vanquished.

Grand Total: 62 creatures vanquished

Notes
Turn   | Place    | Note
-------+----------+-------------------------------------------
     0 | D:1      | Leeroy the Vine Stalker Warper began the quest for the Orb.
     0 | D:1      | Reached XP level 1. HP: 11/11 MP: 4/4
    24 | D:1      | Reached skill level 2 in Long Blades
    91 | D:1      | Reached XP level 2. HP: 13/15 MP: 3/6
   346 | D:1      | Reached skill level 3 in Long Blades
   525 | D:1      | Reached XP level 3. HP: 13/18 MP: 5/7
  1955 | D:3      | Found a faded altar of an unknown god.
  2047 | D:3      | Gained mutation: Your natural rate of healing is unusually
                  | fast. [Vine Stalker growth]
  2047 | D:3      | Reached XP level 4. HP: 23/23 MP: 8/8
  2053 | D:3      | Found a shadowy altar of Dithmenos.
  2139 | D:3      | Noticed a scorpion
  2151 | D:3      | Killed a scorpion
  2152 | D:3      | Reached skill level 4 in Long Blades
  2152 | D:3      | Reached XP level 5. HP: 13/26 MP: 7/9
  2341 | D:3      | Noticed Jessica
  2351 | D:3      | Killed Jessica
  2366 | D:3      | Got Jessica's Treatise on Rot
  2377 | D:3      | Learned a level 2 spell: Blink
  2381 | D:3      | Learned a level 3 spell: Vhi's Electric Charge
  2477 | D:4      | Reached skill level 5 in Long Blades
  2566 | D:4      | Noticed a lemure
  2567 | D:4      | Noticed a lemure
  2567 | D:4      | Noticed a lemure
  2568 | D:4      | Noticed Pikel
  2569 | D:4      | Noticed a lemure
  2584 | D:4      | Slain by Pikel

Illustrated notes

Levels and vault maps discovered:
D:1:      dpeg_arrival_round_a, layout_basic
D:2:      layout_loops_cross
D:3:      layout_loops_ring, mainiacjoe_overflow_alcove_4,
          shapermc_ecumenical_altar_mp_vishouse, kennysheep_jessica_study
D:4:      layout_basic, serial_shops, nicolae_shop_behind_doors,
          kennysheep_orc_chapel, uniq_pikel

Skill      XL: |  1  2  3  4  5 |
---------------+----------------+-----
Long Blades    | 2 3 4 5 |  5.0
Dodging        | 2 |  2.0
Fighting       | |  1.7
Throwing       | |  0.8
Armour         | |  0.7
Stealth        | |  0.4
Spellcasting   | |  2.1
Translocations | |  3.0

Action                     |  1- 3 |  4- 6 || total
---------------------------+-------+-------++-------
  Melee: Falchion          |   112 |    74 ||   186
         Bite              |    23 |    25 ||    48
         Punch             |       |     2 ||     2
   Stab: Sleeping          |     1 |       ||     1
 Armour: Leather armour    |    36 |    14 ||    50
  Dodge: Dodged            |    92 |    40 ||   132

Table legend: (Time is in decaauts)
 A = Elapsed time spent in this place.
 B = Non-inter-level travel time spent in this place.
 C = Inter-level travel time spent in this place.
 D = Time resting spent in this place.
 E = Time spent auto-exploring this place.
 F = Levels seen in this place.
 G = Mean time per level.
                   A        B        C        D        E       F      G
               +--------+--------+--------+--------+--------+-----+--------+
         Total |   2607 |   2515 |     92 |      0 |   2095 |   4 |  651.8 |
       Dungeon |   2607 |   2515 |     92 |      0 |   2095 |   4 |  651.8 |
               +--------+--------+--------+--------+--------+-----+--------+

Top non-repeatable levels by time:
     D:1: 948 daAuts
     D:3: 814 daAuts
     D:2: 665 daAuts
     D:4: 178 daAuts
